 Dungeon Crawl Stone Soup version 0.30-a0-930-gb9d0489357 (webtiles) character file.

Game seed: 11912696392522733493

1123 jimonade the Caller (level 8, -2/56 HPs)
             Began as a Merfolk Summoner on Mar 22, 2023.
             Succumbed to Eustachio's poison
             ... on level 5 of the Dungeon on Mar 23, 2023.
             The game lasted 00:23:44 (6885 turns).

jimonade the Caller (Merfolk Summoner)              Turns: 6885, Time: 00:23:45

Health: -2/56      AC: 15    Str: 11    XL:     8   Next: 35%
Magic:  14/16      EV: 12    Int: 14    God:
Gold:   405        SH:  0    Dex: 17    Spells: 11/17 levels left

rFire   . . .      SeeInvis .    a - +0 trident
rCold   + . .      Faith    .    (no shield)
rNeg    + . .      Spirit   .    s - +0 ring mail
rPois   .          Reflect  .    v - +1 helmet
rElec   .          Rampage  .    (no cloak)
rCorr   +                        t - +1 pair of gloves
Will    .....                    e - +1 pair of boots of Grace {rC+ rCorr Dex+3}
Stlth   ++                       (no amulet)
HPRegen 0.29/turn                h - +4 ring of protection
MPRegen 0.15/turn                q - ring of positive energy

@: lethally poisoned (-2 -> -16), hasted, very quick
A: (nimble swimmer 2), mertail
a: no special abilities


You were on level 5 of the Dungeon.
You visited 1 branch of the dungeon, and saw 6 of its levels.
You also visited: Sewer.

You collected 405 gold pieces.

Inventory:

Hand Weapons
 a - a +0 trident (weapon)
 b - a +2 short sword of venom
 c - a +1 short sword of electrocution
Missiles
 l - 19 poisoned darts
 o - 2 curare-tipped darts
Armour
 d - a +0 robe
 e - the +1 pair of boots of Grace (worn) {rC+ rCorr Dex+3}
   (You acquired it on level 4 of the Dungeon)

   Dex:       It affects your dexterity (+3).
   rC:        It protects you from cold.
   rCorr:     It protects you from acid and corrosion.
 r - the +4 scale mail of Meqaijogie {rC++}
   (You found it on level 2 of the Dungeon)

   rC:        It greatly protects you from cold.
 s - a +0 ring mail (worn)
 t - a +1 pair of gloves (worn)
 v - a +1 helmet (worn)
Magical Staves
 E - a staff of air
Jewellery
 h - a +4 ring of protection (left hand)
 q - a ring of positive energy (right hand)
 D - a ring of magical power
Wands
 w - a wand of mindburst (6)
Scrolls
 f - a scroll of blinking
 i - 2 scrolls of identify
 j - a scroll of immolation
 k - 4 scrolls of teleportation
 n - a scroll of vulnerability
 u - a scroll of brand weapon {unknown}
 x - a scroll of fear {unknown}
Potions
 g - 2 potions of berserk rage {unknown}
 m - 2 potions of brilliance {unknown}
 p - 3 potions of curing
 z - 2 potions of magic
 A - a potion of haste
 B - 3 potions of heal wounds {unknown}
 F - 3 potions of mutation {unknown}


   Skills:
 + Level 1.9 Fighting
 - Level 0.2 Short Blades
 + Level 1.5 Polearms
 + Level 0.6 Armour
 + Level 3.8 Dodging
 + Level 3.6 Stealth
 + Level 5.3 Spellcasting
 * Level 7.7 Summonings


You had 11 spell levels left.
You knew the following spells:

 Your Spells              Type           Power      Damage    Failure   Level
a - Summon Small Mammal   Summ           100%       N/A       1%          1
b - Call Imp              Summ           25%        N/A       2%          2
c - Call Canine Familiar  Summ           25%        N/A       5%          3

Your spell library contained the following spells:

 Spells                   Type           Power      Damage    Failure   Level
 Summon Guardian Golem    Hex/Summ       14%        N/A       26%         3
 Cigotuvi's Dreadful Rot  Necr/Pois/Air  6%         N/A       52%         2
 Poisonous Vapours        Pois/Air       6%         N/A       52%         2
 Summon Lightning Spire   Summ/Air       14%        N/A       63%         4
 Mephitic Cloud           Conj/Pois/Air  3%         N/A       77%         3


Dungeon Overview and Level Annotations

Branches:
Dungeon (6/15)              Sewer (visited)
 Temple: D:4-7

Altars:
Dithmenos
Zin

Shops:
D:6 ?

Annotations:
D:2 1 runed translucent door, Crazy Yiuf
D:4 Duvessa
D:5 exclusion: 2 doors, Eustachio


Innate Abilities, Weirdness & Mutations

((You are very nimble when in or above water. (Stealth+, EV+, Speed+++)))
Your lower body shifts to a powerful aquatic tail in water.


Message History

Your hound bites Eustachio.
The ufetubus closely misses you.
The ufetubus hits you but does no damage.
Your hound bites Eustachio.
Eustachio casts a spell.
Eustachio blinks!
The rat closely misses your hound. The ufetubus closely misses you. x2
You feel sick. Eustachio barely misses your hound. The rat bites you.
* * * LOW HITPOINT WARNING * * *
Your hound bites Eustachio but does no damage.
You swap places.
* * * LOW HITPOINT WARNING * * *
You feel sick.
The ufetubus hits you but does no damage. x2
Your hound barely misses the rat.
Eustachio hits you but does no damage.
You are lethally poisoned!
The rat barely misses you.
The ufetubus hits you but does no damage.
The ufetubus misses you.
You miss Eustachio.
Eustachio is severely wounded.
* * * LOW HITPOINT WARNING * * *
You feel very sick.
The ufetubus disappears in a puff of smoke!
Your hound bites the rat.
Eustachio casts a spell.
The rat closely misses your hound.
Your hound bites the rat.
The rat dies!
The rat's corpse disappears in a puff of smoke!
You barely miss Eustachio.
Eustachio is severely wounded.
* * * LOW HITPOINT WARNING * * *
You feel very sick. Eustachio hits you but does no damage.
You are more poisoned.
Your hound closely misses Eustachio.
Eustachio screams, "Hey, you killed my favourite bat!"
Eustachio mumbles some strange words.
Eustachio blinks!
It was a potion of haste.
You feel yourself speed up.
You die...

#...##..##.####..###
#....#.....#........
#....'.....#........
#.@..#.....#........
#.).###'######...###
#...##.....###.))###
#...b.......#......#
#...........#......#
#.r@h.......#......#
#.r........>#......#
#...###...####....##
#...###...##########
#....#..............
#....#..............
#....#..............
#....#..............
#....+..............


You could see Eustachio (ally target), a river rat (summoned), a bat (summoned,
wandering), a rat (summoned) and a friendly hound (summoned).

Vanquished Creatures
  An ice beast (D:5)
  2 ogres (D:5)
  A kobold brigand (Sewer)
  A jelly (D:5)
  Dowan (D:4)
  An iguana (D:5)
  Robin (D:2)
  3 adders
  A white imp (D:6)
  2 worms (Sewer)
  A dart slug (D:5)
  4 orcs
  5 endoplasms
  5 giant cockroaches
  3 goblins
  5 hobgoblins
  2 quokkas
  4 ball pythons
  A bat (D:1)
  8 kobolds
  5 rats
57 creatures vanquished.

Vanquished Creatures (collateral kills)
  3 kobold brigands (Sewer)
  A scorpion (D:5)
  A jelly (D:6)
  A gnoll bouda (D:3)
  A sleepcap (D:5)
  An iguana (D:4)
  An orc wizard (D:5)
  5 adders
  5 gnolls
  A river rat (Sewer)
  2 worms (Sewer)
  2 dart slugs
  5 orcs
  5 ball pythons
  6 endoplasms
  12 goblins
  3 hobgoblins
  4 quokkas
  4 bats
  A frilled lizard (D:2)
  7 kobolds
  7 rats
78 creatures vanquished.

Vanquished Creatures (others)
  13 plants (D:3)
13 creatures vanquished.

Grand Total: 148 creatures vanquished

Notes
Turn   | Place    | Note
-------+----------+-------------------------------------------
     0 | D:1      | jimonade the Merfolk Summoner began the quest for the Orb.
     0 | D:1      | Reached XP level 1. HP: 13/13 MP: 3/3
   246 | D:1      | Reached XP level 2. HP: 19/19 MP: 1/5
   249 | D:1      | Found a faded altar of an unknown god.
   564 | D:1      | Reached XP level 3. HP: 23/24 MP: 6/6
   997 | D:2      | Identified the +4 scale mail of Meqaijogie {rC++}
  1018 | D:2      | Found a glowing silver altar of Zin.
  1241 | D:2      | Learned a level 2 spell: Call Imp
  1390 | D:2      | Noticed Robin
  2027 | D:2      | Learned a level 3 spell: Call Canine Familiar
  2211 | D:2      | Killed Robin
  2212 | D:2      | Reached XP level 4. HP: 26/30 MP: 7/7
  2538 | D:2      | Found a runed translucent door.
  2539 | D:2      | Noticed Crazy Yiuf
  2729 | D:3      | Reached skill level 5 in Summonings
  2862 | D:3      | Found a shadowy altar of Dithmenos.
  3045 | D:3      | Reached XP level 5. HP: 33/35 MP: 6/9
  3435 | D:3      | Upgraded the game from 0.30-a0-924-g0ad0bf95bc to
                  | 0.30-a0-930-gb9d0489357
  3563 | D:4      | Identified a scroll of acquirement
  3563 | D:4      | Acquired the +1 pair of boots of Grace {rC+ rCorr Dex+3}
  3701 | D:4      | Found a glowing drain.
  3705 | Sewer    | Entered a sewer
  4119 | Sewer    | Noticed a kobold brigand
  4146 | Sewer    | Killed a kobold brigand
  4147 | Sewer    | Reached XP level 6. HP: 40/41 MP: 1/11
  4363 | Sewer    | Reached skill level 6 in Summonings
  4643 | Sewer    | Reached XP level 7. HP: 21/46 MP: 8/13
  5085 | D:4      | Noticed Dowan
  5100 | D:4      | Killed Dowan
  5218 | D:4      | Reached skill level 1 in Fighting
  5236 | D:4      | Noticed Duvessa
  5402 | D:5      | Entered Level 5 of the Dungeon
  5523 | D:5      | Reached skill level 5 in Spellcasting
  5599 | D:5      | Reached skill level 7 in Summonings
  5599 | D:5      | Reached XP level 8. HP: 54/54 MP: 15/15
  5999 | D:5      | Reached skill level 1 in Polearms
  6718 | D:6      | Found Hiownid's Magic Scroll Shoppe.
  6841 | D:6      | Noticed Eustachio
  6884 | D:5      | HP: 1/56 [poisoned by Eustachio]
  6885 | D:5      | Succumbed to Eustachio's poison

Illustrated notes

Levels and vault maps discovered:
D:1:      dpeg_arrival_orchard, layout_basic, chequers_ecumenical_altar_island,
          kennysheep_pointless_box
D:2:      layout_loops_ring, basic_altar, uniq_crazy_yiuf_cottage, uniq_robin
D:3:      layout_loops_cross, mainiacjoe_overflow_paths, nicolae_grassy_gnolls
D:4:      layout_cave_pools, gammafunk_temple_overflow_arena,
          gup_sewer_entry_bowl, minmay_goblin_outpost, uniq_duvessa
D:5:      layout_gridville
D:6:      layout_gridville, serial_shops, shop, uniq_eustachio, uniq_sigmund

Skill      XL: |  1  2  3  4  5  6  7  8 |
---------------+-------------------------+-----
Dodging        | 3 |  3.8
Summonings     | 5 6 7 |  7.7
Spellcasting   | 3 4 5 |  5.3
Stealth        | 3 |  3.6
Fighting       | 1 |  1.9
Polearms       | 1 |  1.5
Short Blades   | |  0.2
Armour         | |  0.6

Action                     |  1- 3 |  4- 6 |  7- 9 || total
---------------------------+-------+-------+-------++-------
  Melee: Dagger            |    55 |       |       ||    55
         Short sword       |     9 |    53 |    28 ||    90
         Punch             |       |     1 |       ||     1
         Tailslap          |       |     5 |     4 ||     9
         Trident           |       |       |    76 ||    76
   Cast: Summon Small Mamm |    55 |     2 |       ||    57
         Call Imp          |     4 |    17 |    13 ||    34
         Call Canine Famil |     2 |    27 |    19 ||    48
    Use: Scroll            |       |    11 |       ||    11
         Potion            |       |     1 |     3 ||     4
   Stab: Sleeping          |     3 |     2 |       ||     5
         Distracted        |     1 |       |     1 ||     2
 Armour: Robe              |    30 |    10 |     5 ||    45
         Ring mail         |       |       |    44 ||    44
  Dodge: Dodged            |    53 |    42 |    76 ||   171

Table legend: (Time is in decaauts)
 A = Elapsed time spent in this place.
 B = Non-inter-level travel time spent in this place.
 C = Inter-level travel time spent in this place.
 D = Time resting spent in this place.
 E = Time spent auto-exploring this place.
 F = Levels seen in this place.
 G = Mean time per level.
                   A        B        C        D        E       F      G
               +--------+--------+--------+--------+--------+-----+--------+
         Total |   6759 |   6562 |    197 |   1439 |   2922 |   7 |  965.6 |
       Dungeon |   5515 |   5318 |    197 |   1178 |   2288 |   6 |  919.2 |
         Sewer |   1243 |   1243 |      0 |    261 |    633 |   1 | 1243.0 |
               +--------+--------+--------+--------+--------+-----+--------+

Top non-repeatable levels by time:
     D:1: 1364 daAuts
     D:5: 1353 daAuts
   Sewer: 1243 daAuts
     D:2: 1237 daAuts
     D:3: 1095 daAuts
     D:4: 314 daAuts
     D:6: 150 daAuts
